 Dungeon Crawl Stone Soup version 0.20.1-1-g8b1a95d (webtiles) character file.

2426 Jannitor the Slicer (level 9, -4/90 HPs)
             Began as a Kobold Chaos Knight on Sept 28, 2017.
             Slain by Prince Ribbit (7 damage)
             ... on level 8 of the Dungeon.
             The game lasted 00:12:49 (6683 turns).

Jannitor the Slicer (Kobold Chaos Knight)           Turns: 6683, Time: 00:12:49

Health: -4/90      AC: 24    Str: 18    XL:     9   Next: 77%
Magic:  9/9        EV:  3    Int: 11    God:    Xom [..*...]
Gold:   461        SH:  0    Dex: 14    Spells: 8/8 levels left

rFire    . . .     SeeInvis .   a - +0 short sword (chaos)
rCold    + . .     Gourm    .   (shield restricted)
rNeg     + + +     Faith    .   (armour currently unavailable)
rPois    +         Spirit   .   (helmet currently unavailable)
rElec    .         Reflect  .   (cloak currently unavailable)
rCorr    .         Harm     .   (gloves currently unavailable)
MR       .....     NoTele   +   (boots currently unavailable)
Stlth    +.........             (no amulet)
Regen    0.3/turn               i - ring of protection from cold
MPRegen  0.2/turn               (no ring)

@: mighty, tree-form
A: carnivore 3, dopey 1, sense surroundings 1, evolution 1
a: Renounce Religion


You were on level 8 of the Dungeon.
You worshipped Xom.
You were a toy of Xom.
You were full.
You were a tree.
You visited 1 branch of the dungeon, and saw 8 of its levels.

You collected 461 gold pieces.

Inventory:

Hand Weapons
 a - a +0 short sword of chaos (weapon)
Armour
 b - a +2 leather armour (melded)
 f - a +0 pair of gloves (melded)
 w - a +0 hat (melded)
Jewellery
 i - a ring of protection from cold (left branch)
Wands
 u - a wand of lightning (3/15)
Scrolls
 d - 2 scrolls of enchant armour {unknown}
 e - 4 scrolls of recharging
 k - 4 scrolls of amnesia
 n - 2 scrolls of random uselessness {unknown}
 s - a scroll of enchant weapon {unknown}
 t - 2 scrolls of identify
 v - a scroll of magic mapping {unknown}
 x - 2 scrolls of fear {unknown}
Potions
 h - 2 potions of lignification
 l - 3 potions of flight
 o - a potion of agility
 r - a potion of degeneration {unknown}
Books
 g - a book of Cantrips

   Spells                             Type                      Level
   a - Confusing Touch                Hexes                        1
   b - Animate Skeleton               Necromancy                   1
   c - Summon Small Mammal            Summoning                    1
   d - Apportation                    Translocation                1
 q - a book of Geomancy

   Spells                             Type                      Level
   a - Sandblast                      Earth                        1
   b - Passwall                       Transmutation/Earth          2
   c - Stone Arrow                    Conjuration/Earth            3
   d - Petrify                        Transmutation/Earth          4
   e - Lee's Rapid Deconstruction     Earth                        5
Comestibles
 c - 2 meat rations
 p - 3 royal jellies


   Skills:
 + Level 8.3 Fighting
 + Level 10.3 Short Blades
 - Level 0.7 Armour
 + Level 9.1 Dodging


You had 8 spell levels left.
You didn't know any spells.

Dungeon Overview and Level Annotations

Branches:
Dungeon (8/15)             Temple (0/1) D:5
   Lair: D:8-11

Altars:
Ashenzari
Cheibriados
Dithmenos
Gozag
Hepliaklqana
Okawaru
Ru
Uskayaw
Vehumet
Xom
Yredelemnul
The Shining One

Shops:
D:2 *   D:4 %

Annotations:
D:8 Prince Ribbit


Innate Abilities, Weirdness & Mutations

You are small and have problems with some larger weapons.
You are carnivorous and can eat meat at any time.
((You have a beak for a mouth.))
You are dopey. (Int -2)
You passively map a small area around you.
((Your system is resistant to poisons. (rPois)))
((You are resistant to electric shocks. (rElec)))
You evolve.


Message History

* * * LOW HITPOINT WARNING * * *
Unknown command.
Evoke which item? (* to show all) (? for menu, Esc to quit)
Aiming: Lightning Bolt
Press: ? - help, Shift-Dir - straight line, f - Prince Ribbit
Aim: Prince Ribbit (magical condensation, lightly wounded, berserk, fast, unusually strong)
You hear a mighty clap of thunder!
The bolt of lightning hits Prince Ribbit.
Prince Ribbit is moderately wounded.
This wand has 3 charges left.
You hear a shout! x2
Prince Ribbit hits you but does no damage.
Prince Ribbit hits you!
* * * LOW HITPOINT WARNING * * *
You closely miss Prince Ribbit.
Prince Ribbit is lightly wounded.
Prince Ribbit hits you but does no damage.
Prince Ribbit hits you!
You die...
Xom is highly amused!

..# , ..# ,
###..####....
#######............ ,
#.................. ,
#.................
#...............#* *
###...§.§.........####
,
......§♣§............#*
......F§§..........#
,............##...#.# *
, ........###.###..#.#
* ........# #.###..#.#
........###......#.#,
,, ........#........#.#
, ........#).........#
* , , ,,,
*#..........#, ,


You could see Prince Ribbit (berserk).

Vanquished Creatures
  A hungry ghost (D:8)
  An orc warrior (D:7)
  3 ice beasts
  A black bear (D:6)
  A sky beast (D:6)
  The ghost of Thjof the Ducker, an amateur MfMo of Zin (D:3)
  A boggart (D:7)
  A centaur (D:7)
  A bullfrog (D:6)
  Blork the orc (D:5)
  A water moccasin zombie (D:7)
  2 scorpions (D:5)
  A killer bee (D:2)
  A howler monkey (D:5)
  3 wights (D:5)
  2 crimson imps
  A centaur zombie (D:6)
  2 jellies
  A centaur skeleton (D:5)
  3 orc priests
  A gnoll shaman (D:5)
  An orc wizard (D:4)
  An iguana (D:4)
  3 bullfrog skeletons
  Natasha (D:2)
  3 worker ants
  2 hound skeletons (D:6)
  3 gnolls (D:5)
  A howler monkey skeleton (D:6)
  12 adders
  2 oozes
  5 worms
  3 dart slugs
  8 leopard geckos
  15 orcs
  2 ball pythons
  10 bats
  6 giant cockroaches
  12 goblins
  6 hobgoblins
  8 kobolds
  A quokka (D:7)
  4 frilled lizards
  2 jackal skeletons (D:4)
  A quokka zombie (D:6)
  5 rats
147 creatures vanquished.

Vanquished Creatures (collateral kills)
  The ghost of Azo the Skirmisher, an amateur FoAK of Lugonu (D:6)
1 creature vanquished.

Vanquished Creatures (others)
  A gnoll (D:6)
1 creature vanquished.

Grand Total: 149 creatures vanquished

Notes
Turn   | Place    | Note
-------+----------+-------------------------------------------
     0 | D:1      | Jannitor the Kobold Chaos Knight began the quest for the Orb.
     0 | D:1      | Reached XP level 1. HP: 14/14 MP: 1/1
    16 | D:1      | Reached XP level 2. HP: 18/19 MP: 2/2
   118 | D:1      | Reached XP level 3. HP: 23/23 MP: 3/3
   243 | D:1      | XOM: silly message
   472 | D:1      | XOM: harmless Necr miscast
   564 | D:2      | XOM: butterfly on damage
   565 | D:2      | Reached XP level 4. HP: 19/29 MP: 4/4
   679 | D:2      | Found a snail-covered altar of Cheibriados.
   703 | D:2      | Noticed Natasha
   709 | D:2      | Killed Natasha
   709 | D:2      | Reached skill level 5 in Short Blades
   762 | D:2      | Found Gozag's Platinum Reserve.
   763 | D:2      | Found an opulent altar of Gozag.
   778 | D:2      | Reached XP level 5. HP: 33/33 MP: 5/5
   822 | D:2      | XOM: polymorph adder -> killer bee
  1212 | D:2      | XOM: medium Hex miscast
  1345 | D:3      | Found a shattered altar of Ashenzari.
  1365 | D:3      | XOM: 8-stop teleportation journey
  1637 | D:3      | XOM: mild Tmut miscast
  1643 | D:3      | Reached XP level 6. HP: 28/39 MP: 6/6
  1775 | D:3      | Noticed Thjof's ghost (amateur MfMo)
  1797 | D:3      | Killed Thjof's ghost
  1797 | D:3      | Reached skill level 6 in Short Blades
  1797 | D:3      | Reached skill level 5 in Dodging
  1957 | D:3      | XOM: mild Erth miscast
  2154 | D:4      | XOM: cast spell 'Summon Small Mammal'
  2159 | D:4      | XOM: butterfly on damage
  2327 | D:4      | XOM: enchant monster (good)
  2335 | D:4      | XOM: enchant monster (good)
  2336 | D:4      | Reached skill level 5 in Fighting
  2340 | D:3      | XOM: smoke on damage
  2659 | D:4      | Reached XP level 7. HP: 37/44 MP: 7/7
  2730 | D:4      | Found a basalt altar of Yredelemnul.
  2857 | D:4      | Found a hide-covered altar of Uskayaw.
  3149 | D:4      | Found Xyluurioll's Food Shop.
  3203 | D:4      | Found a shadowy altar of Dithmenos.
  3229 | D:5      | Entered Level 5 of the Dungeon
  3229 | D:5      | XOM: enchant monster (bad)
  3233 | D:5      | XOM: fog
  3235 | D:5      | Reached skill level 7 in Short Blades
  3235 | D:5      | XOM: 11-stop teleportation journey
  3242 | D:5      | Found a glowing golden altar of the Shining One.
  3261 | D:5      | Found a staircase to the Ecumenical Temple.
  3419 | D:5      | XOM: harmless Necr miscast
  3442 | D:5      | XOM: blink monster(s)
  3450 | D:5      | XOM: divination: detect items
  3479 | D:6      | Noticed Azo's ghost (amateur FoAK)
  3487 | D:6      | XOM: summons 3 friendly demons
  3494 | D:6      | Killed Azo's ghost
  3494 | D:6      | Reached XP level 8. HP: 51/51 MP: 8/8
  3530 | D:6      | XOM: god gift: flail {god gift}
  3967 | D:5      | Noticed Blork the orc
  3973 | D:5      | XOM: scenery: create altars
  3984 | D:5      | Killed Blork the orc
  4024 | D:5      | XOM: noise
  4032 | D:5      | Reached skill level 8 in Short Blades
  4040 | D:5      | XOM: enchant monster (bad)
  4050 | D:5      | XOM: 6-stop teleportation journey
  4137 | D:5      | XOM: harmless Summ miscast
  4190 | D:5      | Found a hazy altar of Hepliaklqana.
  4276 | D:5      | XOM: 1-stop teleportation journey
  4436 | D:5      | XOM: harmless Hex miscast
  4482 | D:6      | XOM: summons 1 hostile shadow creature
  4967 | D:6      | XOM: 2-stop teleportation journey
  4998 | D:6      | XOM: 1-stop teleportation journey
  5003 | D:6      | XOM: medium Necr miscast
  5004 | D:6      | Noticed a shadow
  5004 | D:6      | Noticed a shadow
  5018 | D:6      | Gained mutation: Scrolls take you a little longer to read. [potion of mutation]
  5018 | D:6      | Gained mutation: You are agile. (Dex +2) [potion of mutation]
  5018 | D:6      | Gained mutation: Potions are less effective at restoring your health. [potion of mutation]
  5018 | D:6      | Gained mutation: You have a beak for a mouth. [potion of mutation]
  5064 | D:6      | Reached skill level 9 in Short Blades
  5064 | D:6      | Reached XP level 9. HP: 43/57 MP: 9/9
  5067 | D:6      | Gained mutation: You are dopey. (Int -2) [mutagenic meat]
  5068 | D:6      | Gained mutation: You have large cloven feet. [mutagenic meat]
  5070 | D:6      | Gained mutation: Your system is resistant to poisons. (rPois) [mutagenic meat]
  5071 | D:6      | Gained mutation: You passively map a small area around you. [mutagenic meat]
  5072 | D:6      | Gained mutation: You evolve. [mutagenic meat]
  5145 | D:6      | Lost mutation: Scrolls take you a little longer to read. [evolution]
  5343 | D:6      | Found an iron altar of Okawaru.
  5408 | D:6      | XOM: give mutations
  5408 | D:6      | Lost mutation: Potions are less effective at restoring your health. [Xom's mischief]
  5408 | D:6      | Lost mutation: You are agile. (Dex +2) [Xom's mischief]
  5408 | D:6      | Lost mutation: You have large cloven feet. [Xom's mischief]
  5408 | D:6      | Gained mutation: You are resistant to electric shocks. (rElec) [Xom's mischief]
  5753 | D:7      | Found a radiant altar of Vehumet.
  5864 | D:7      | XOM: confuse monster(s)
  5867 | D:7      | XOM: enchant monster (bad)
  6085 | D:7      | Reached skill level 10 in Short Blades
  6140 | D:7      | Found a sacrificial altar of Ru.
  6159 | D:7      | XOM: divination: detect creatures
  6667 | D:8      | Noticed Prince Ribbit
  6672 | D:8      | XOM: potion effect (curing)
  6674 | D:8      | XOM: smoke on damage
  6682 | D:8      | HP: 3/90 [Prince Ribbit (13)]
  6683 | D:8      | Slain by Prince Ribbit

Skill      XL: |  1  2  3  4  5  6  7  8  9 |
---------------+----------------------------+-----
Dodging        | 3 4 5 6 7 9 |  9.1
Fighting       | 4 5 6 7 8 |  8.3
Short Blades   | 5 6 7 9 10 | 10.3
Armour         | |  0.7

Action                   |  1- 3 |  4- 6 |  7- 9 || total
-------------------------+-------+-------+-------++-------
Melee: Short sword       |    91 |   193 |   459 ||   743
       Peck              |       |       |    31 ||    31
       Kick              |       |       |    16 ||    16
Evoke: Wand              |       |       |     6 ||     6
  Use: Potion            |       |     2 |    14 ||    16
       Scroll            |       |     5 |     1 ||     6
 Stab: Sleeping          |     2 |       |     1 ||     3
       Petrified         |     1 |     7 |     1 ||     9
       Invisible         |       |     6 |       ||     6
       Confused          |       |       |     1 ||     1
       Paralysed         |       |       |     4 ||     4
       Petrifying        |       |       |     1 ||     1
  Eat: Chunk             |     7 |     6 |    18 ||    31
Armor: Leather armour    |    19 |    31 |    70 ||   120
       Skin              |       |       |     7 ||     7
Dodge: Dodged            |    74 |   106 |   304 ||   484
